 Dungeon Crawl Stone Soup version 0.31-a0-1074-g0b22e4e0f1 (webtiles) character file.

Game seed: 1825222159242984425

107 DApurpleWHUMPUS the Conjurer (level 5, -1/35 HPs)
             Began as a Human Conjurer on Nov 27, 2023.
             Slain by an ice beast (11 damage)
             ... on level 4 of the Dungeon.
             The game lasted 00:03:42 (3807 turns).

DApurpleWHUMPUS the Conjurer (Human Conjurer)       Turns: 3807, Time: 00:03:42

Health: -1/35      AC:  2    Str:  8    XL:     5   Next: 11%
Magic:  1/10       EV: 12    Int: 18    God:
Gold:   84         SH:  0    Dex: 13    Spells: 7/10 levels left

rFire   . . .        j - +0 rapier
rCold   . . .        (no shield)
rNeg    . . .        a - +0 robe
rPois   +            (no helmet)
rElec   .            (no cloak)
rCorr   .            (no gloves)
SInv    .            (no boots)
Will    .....        n - amulet of faith
Stlth   ++           p - ring of poison resistance
HPRegen 0.25/turn    (no ring)
MPRegen 0.12/turn

%: faith
@: no status effects
A: no striking features
a: no special abilities


You were on level 4 of the Dungeon.
You visited 1 branch of the dungeon, and saw 4 of its levels.

You collected 84 gold pieces.

Inventory:

Hand Weapons
 j - a +0 rapier (weapon)
Armour
 a - a +0 robe (worn)
Jewellery
 n - an amulet of faith (around neck)
 p - a ring of poison resistance (left hand)
Wands
 q - a wand of roots (4)
Scrolls
 c - a scroll of enchant armour {unknown}
 d - 2 scrolls of teleportation {unknown}
 f - a scroll of enchant weapon {unknown}
 h - 7 scrolls of identify {unknown}
 i - a scroll of brand weapon {unknown}
 k - a scroll of blinking {unknown}
 r - a scroll of vulnerability {unknown}
Potions
 b - a potion of magic
 e - a potion of attraction {unknown}
 g - 3 potions of mutation {unknown}
 l - a potion of heal wounds {unknown}
 m - a potion of berserk rage {unknown}
 o - a potion of degeneration {unknown}


   Skills:
 - Level 2.0 Dodging
 - Level 2.0 Stealth
 + Level 3.4 Spellcasting
 + Level 5.1 Conjurations


You had 7 spell levels left.
You knew the following spells:

 Your Spells              Type           Power      Damage    Failure   Level
a - Magic Dart            Conj           84%        1d7       1%          1
b - Searing Ray           Conj           42%        2d6       2%          2

Your spell library contained the following spells:

 Spells                   Type           Power      Damage    Failure   Level
 Dazzling Flash           Conj/Hex       24%        N/A       16%         3
 Ensorcelled Hibernation  Hex/Ice        6%         N/A       24%         2
 Jinxbite                 Hex            6%         N/A       24%         2
 Passwall                 Tmut/Erth      2%         N/A       24%         2
 Poisonous Vapours        Pois/Air       6%         N/A       24%         2
 Mephitic Cloud           Conj/Pois/Air  9%         N/A       24%         3
 Swiftness                Air            3%         N/A       43%         3
 Fulminant Prism          Conj/Hex       6%         3d7       47%         4
 Iskenderun's Mystic Bla  Conj/Tloc      12%        2d5       47%         4
 Anguish                  Hex/Necr       1%         N/A       83%         4
 Freezing Cloud           Conj/Ice/Air   4%         6-21      91%         5


Dungeon Overview and Level Annotations

Branches:
Dungeon (4/15)             Temple (0/1) D:4

Altars:


Message History

An ice beast comes into view.
The magic dart hits the ice beast but does no damage.
The magic dart hits the ice beast.
The ice beast is lightly wounded.
The magic dart hits the ice beast.
The ice beast is moderately wounded.
The magic dart hits the ice beast.
The ice beast is moderately wounded.
The magic dart hits the ice beast but does no damage.
The ice beast is moderately wounded.
The magic dart hits the ice beast but does no damage.
The ice beast is moderately wounded.
The magic dart hits the ice beast.
The ice beast is moderately wounded.
The ice beast hits you. The ice beast freezes you.
You hit the ice beast but do no damage.
The ice beast is moderately wounded.
The ice beast hits you. The ice beast freezes you!
Casting: Magic Dart (safe; 1% risk of failure)
Confirm with . or Enter, or press ? or * to list all spells.
Aiming: Searing Ray (safe; 2% risk of failure)
Press: ? - help, Shift-Dir - straight line, f/p - ice beast
Aim: an ice beast (moderately wounded, 78% to hit)
The searing ray hits the ice beast.
The ice beast is heavily wounded. (Press . to maintain the ray.)
The ice beast hits you. The ice beast freezes you.
* * * LOW HITPOINT WARNING * * *
The searing ray misses the ice beast.
The ice beast hits you but does no damage.
The searing ray hits the ice beast.
The ice beast is severely wounded.
The ice beast closely misses you.
Without enough magic to sustain it, your searing ray dissipates.
The ice beast barely misses you.
The ice beast attacks as it pursues you!
The ice beast hits you.
* * * LOW HITPOINT WARNING * * *
The ice beast freezes you!
You die...

... #.# #.# #.# #.# #.#
#.# # #Y# ..
#@#....#......
#######.#.......#...#
#.....#.#...#.#.....#
###.#.#.#...........###
#.#.#....#.#.#......
#.#....#.......#...#
#.#..#...#.>.#...#.#
#.#....#.......#...#
#.#.#....#.#.#...#.#


You could see an ice beast.

Vanquished Creatures
  4 adders
  3 worms (D:2)
  4 orcs (D:3)
  5 bats
  4 endoplasms
  3 giant cockroaches
  2 goblins
  2 hobgoblins
  6 jackals
  3 quokkas (D:1)
  5 ball pythons
  3 frilled lizards
  7 kobolds
  3 rats
54 creatures vanquished.

Notes
Turn   | Place    | Note
-------+----------+-------------------------------------------
     0 | D:1      | DApurpleWHUMPUS the Human Conjurer began the quest for the
                  | Orb.
     0 | D:1      | Reached XP level 1. HP: 13/13 MP: 3/3
   383 | D:1      | Reached XP level 2. HP: 19/19 MP: 0/5
  1367 | D:2      | Reached XP level 3. HP: 22/24 MP: 4/6
  1600 | D:2      | Reached XP level 4. HP: 30/30 MP: 1/8
  2799 | D:3      | Reached skill level 5 in Conjurations
  2802 | D:3      | Learned a level 2 spell: Searing Ray
  2954 | D:3      | Reached XP level 5. HP: 33/35 MP: 4/10
  3759 | D:4      | Found a staircase to the Ecumenical Temple.
  3791 | D:4      | Noticed an ice beast
  3807 | D:4      | Slain by an ice beast

Illustrated notes

Levels and vault maps discovered:
D:1:      wheals_arrival_linesprint, layout_basic, serial_glass,
          glass_columns_a, glass_columns_a
D:2:      layout_basic
D:3:      layout_basic
D:4:      layout_basic, minmay_temple_entry_sparse_star, gammafunk_ghost_smash,
          st_stairs_5, uniq_menkaure

Skill      XL: |  1  2  3  4 |
---------------+-------------+-----
Spellcasting   | 3 |  3.4
Conjurations   | 5 |  5.1
Dodging        | |  2.0
Stealth        | |  2.0

Action                     |  1- 3 |  4- 6 || total
---------------------------+-------+-------++-------
  Melee: Unarmed           |    36 |       ||    36
         Rapier            |    17 |     9 ||    26
   Cast: Magic Dart        |    50 |    73 ||   123
         Searing Ray       |       |     1 ||     1
    Use: Potion            |     1 |       ||     1
 Armour: Robe              |    52 |    11 ||    63
  Dodge: Dodged            |    66 |     9 ||    75

Table legend: (Time is in decaauts)
 A = Elapsed time spent in this place.
 B = Non-inter-level travel time spent in this place.
 C = Inter-level travel time spent in this place.
 D = Time resting spent in this place.
 E = Time spent auto-exploring this place.
 F = Levels seen in this place.
 G = Mean time per level.
                   A        B        C        D        E       F      G
               +--------+--------+--------+--------+--------+-----+--------+
         Total |   3810 |   3524 |    286 |    267 |   2886 |   4 |  952.5 |
       Dungeon |   3810 |   3524 |    286 |    267 |   2886 |   4 |  952.5 |
               +--------+--------+--------+--------+--------+-----+--------+

Top non-repeatable levels by time:
     D:1: 1361 daAuts
     D:2: 1274 daAuts
     D:3: 1104 daAuts
     D:4: 70 daAuts
